AoeStats
← frankmejiarios

Arena

506986973Analyzed
3v3 RM · 18d ago on Sep 16, 2026· 60m 29s· 6 players
Game mode
Random Map
Map size
Normal (6 player)
Population
200
Speed
Normal
Resources
Standard
Victory
Conquest
Starting age
Dark Age
Ending age
Imperial Age
RankedLock teamsTeams togetherTeam positionsShared explorationLock speedFull tech treeHidden civsTurbo modeCheats
Victory
Defeat
🇺🇸 Mongols · United States
986
+12
🇺🇸 Bohemians · United States
953
+13
🇺🇸 Teutons · United States
891
+15
🇵🇪 Bohemians · Peru
952
-16
🇨🇴 Slavs · Colombia
878
-13
🇵🇪 Portuguese · Peru
826
-11
ginei
11:13 Feudal Age
10:44 Loom
15:22 Castle Age
15:38 Double-Bit Axe
18:24 Wheelbarrow
21:59 Bow Saw
22:41 Horse Collar
23:12 Gold Mining
23:49 Gold Mining
24:33 Town Watch
26:48 Hand Cart
30:12 Pikeman
33:32 Imperial Age
32:52 Light Cavalry
33:49 Forging
33:40 Scale Mail Armor
34:41 Conscription
34:25 Detinets
34:28 Hussar
35:09 Husbandry
35:20 Bloodlines
35:07 Capped Ram
36:08 Masonry
36:49 Chain Mail Armor
37:10 Iron Casting
38:50 Chemistry
37:40 Siege Ram
38:00 Halberdier
40:35 Squires
41:09 Plate Mail Armor
41:40 Blast Furnace
41:01 Fortified Wall
40:26 Heavy Scorpion
44:02 Blast Furnace
43:10 Scale Barding Armor
42:56 Fletching
43:14 Heavy Plow
44:38 Two-Man Saw
44:27 Padded Archer Armor
52:15 Man-at-Arms
frankmejiarios
10:31 Feudal Age
15:27 Castle Age
13:58 Double-Bit Axe
15:14 Horse Collar
26:25 Gold Mining
30:30 Imperial Age
29:21 Heavy Plow
29:35 Bow Saw
30:52 Town Watch
32:47 Chemistry
32:21 Conscription
35:29 Arquebus
42:13 Elite Skirmisher
46:05 Pikeman
Woz
10:31 Feudal Age
11:30 Loom
15:31 Castle Age
14:25 Double-Bit Axe
23:14 Wheelbarrow
22:28 Town Watch
30:00 Imperial Age
29:31 Chemistry
29:11 Horse Collar
30:04 Hand Cart
30:12 Town Patrol
32:17 Bow Saw
32:45 Conscription
34:10 Forging
34:00 Scale Mail Armor
34:06 Scale Barding Armor
34:04 Heavy Plow
35:06 Two-Man Saw
35:04 Wagenburg Tactics
35:24 Husbandry
36:15 Chain Barding Armor
36:10 Chain Mail Armor
35:55 Murder Holes
35:33 Light Cavalry
37:26 Iron Casting
39:33 Plate Mail Armor
40:04 Blast Furnace
39:33 Devotion
42:14 Houfnice
43:56 Elite Skirmisher
47:07 Blast Furnace
46:07 Padded Archer Armor
46:23 Fletching
dewey manning
11:05 Feudal Age
9:22 Loom
9:28 Loom
15:31 Castle Age
13:29 Double-Bit Axe
15:38 Horse Collar
16:00 Fletching
16:12 Padded Archer Armor
16:45 Bow Saw
19:01 Bodkin Arrow
21:14 Wheelbarrow
21:49 Bloodlines
22:02 Gold Mining
22:03 Stone Mining
24:20 Thumb Ring
28:50 Leather Archer Armor
30:50 Hand Cart
30:22 Town Watch
36:13 Imperial Age
34:27 Husbandry
33:48 Light Cavalry
37:30 Ballistics
38:11 Chemistry
37:34 Conscription
36:39 Hussar
39:43 Drill
38:45 Capped Ram
42:36 Elite Mangudai
47:08 Heavy Plow
53:33 Siege Ram
54:25 Scale Barding Armor
54:36 Forging
sweddyballz48
10:40 Feudal Age
11:29 Double-Bit Axe
12:23 Loom
15:11 Castle Age
16:50 Pikeman
17:32 Scale Mail Armor
17:46 Horse Collar
19:25 Wheelbarrow
18:37 Town Watch
23:08 Bow Saw
27:00 Wagenburg Tactics
28:00 Chemistry
27:41 Heavy Plow
28:09 Chain Mail Armor
29:22 Squires
28:57 Elite Skirmisher
29:50 Forging
30:17 Redemption
34:05 Imperial Age
32:09 Ballistics
35:21 Block Printing
35:51 Siege Engineers
38:09 Halberdier
40:13 Houfnice
43:42 Plate Mail Armor
43:48 Iron Casting
48:48 Blast Furnace
53:57 Conscription
53:41 Spies/Treason
54:47 Conscription
MKEDeeds
1:49 Loom
11:53 Feudal Age
18:34 Castle Age
16:50 Double-Bit Axe
16:48 Horse Collar
18:08 Stone Mining
18:11 Gold Mining
19:41 Bow Saw
19:42 Heavy Plow
20:53 Stone Shaft Mining
28:23 Wheelbarrow
29:05 Caravan
32:11 Imperial Age
32:24 Hand Cart
33:12 Cavalier
35:51 Squires
36:40 Crop Rotation
39:23 Padded Archer Armor
40:14 Elite Teutonic Knight
42:32 Scale Mail Armor
42:45 Forging
42:26 Fletching
42:52 Leather Archer Armor
42:43 Scale Barding Armor
43:30 Pikeman
43:35 Paladin
61:06 Chemistry
60:26 Ballistics
59:57 Heated Shot
60:18 Fortified Wall
59:58 Guard Tower
59:54 Arrowslits
60:15 Siphons
60:21 Clinker Construction
60:21 Careening
60:17 Siege Engineers
60:22 Masonry
60:38 Chain Barding Armor
60:33 Chain Mail Armor
60:55 Iron Casting
60:15 Bodkin Arrow
60:51 Ring Archer Armor
59:52 Man-at-Arms
60:18 Gambesons
59:53 Halberdier
60:19 Arson
60:47 Bloodlines
61:00 Ironclad
61:00 Conscription
60:11 Sappers
61:16 Hoardings
60:05 Spies/Treason
Connection lost

Rejoining the realm…

Still unreachable

The connection could not be restored.

Session expired

The server has moved on; the page needs a fresh start.